 Dungeon Crawl Stone Soup version 0.25.0-10-g039870ee82 (webtiles) character file.

Game seed: 13292064209316483767

51 mopl the Insei (level 3, 0/17 HPs)
             Began as a Vine Stalker Transmuter on June 23, 2020.
             Succumbed to an adder's poison
             ... on level 2 of the Dungeon.
             The game lasted 00:01:33 (999 turns).

mopl the Insei (Vine Stalker Transmuter)             Turns: 999, Time: 00:01:33

Health: 0/17       AC:  2    Str: 13    XL:     3   Next: 81%
Magic:  6/8        EV: 12    Int: 13    God:
Gold:   96         SH:  0    Dex: 14    Spells: 1/7 levels left

rFire    . . .     SeeInvis .     - Unarmed
rCold    . . .     Gourm    .   (no shield)
rNeg     . . .     Faith    .   b - +0 robe
rPois    .         Spirit   +   (no helmet)
rElec    .         Reflect  .   (no cloak)
rCorr    .         Harm     .   (no gloves)
MR       .....                  (no boots)
Stlth    +.........             (no amulet)
HPRegen  0.05/turn              (no ring)
MPRegen  0.11/turn              (no ring)

@: lethally poisoned (0 -> -4)
A: fangs 2, magic shield, antimagic bite, no potion heal 3, rot immunity
a: no special abilities


You were on level 2 of the Dungeon.
You were not hungry.

You visited 1 branch of the dungeon, and saw 2 of its levels.

You collected 96 gold pieces.

Inventory:

Missiles
 a - 12 arrows
Armour
 b - a +0 robe (worn)
Scrolls
 e - 3 scrolls of identify {unknown}
 f - a scroll of teleportation {unknown}
 g - a scroll of immolation {unknown}
Potions
 h - a potion of lignification {unknown}
 i - a potion of might {unknown}
Comestibles
 c - 3 chunks of flesh
 d - 5 rations


   Skills:
 - Level 0.8 Fighting
 - Level 1.5 Dodging
 * Level 3.8 Unarmed Combat
 + Level 2.7 Spellcasting
 + Level 2.5 Transmutations
 + Level 0.4 Poison Magic


You had one spell level left.
You knew the following spells:

 Your Spells              Type           Power        Failure   Level  Hunger
a - Beastly Appendage     Tmut           #.....       9%          1    #......
b - Spider Form           Tmut/Pois      #.........   36%         3    ###....
w - Sticks to Snakes      Tmut           #.......     12%         2    ###....

Your spell library contained the following spells:

 Spells                   Type           Power        Failure   Level  Hunger
 Ice Form                 Ice/Tmut       #.......     80%         4    #####..
 Blade Hands              Tmut           #.........   92%         5    ######.


Dungeon Overview and Level Annotations

Branches:
Dungeon (2/15)

Altars:


Innate Abilities, Weirdness & Mutations

You have extremely sharp teeth.
When hurt, damage is shared between your health and your magic reserves.
Your bite disrupts and absorbs the magic of your enemies.
Potions cannot restore your health.
You are immune to rotting.


Message History

You bite the adder. You drain its power.
You feel invigorated.
The adder is almost dead.
The adder bites you but does no damage.
You barely miss the adder. Your bite misses the adder.
The adder is almost dead.
* * * LOW HITPOINT WARNING * * *
You feel sick. The adder barely misses you. x2
You closely miss the adder.
The adder is almost dead.
Your horns disappear.
The adder bites you.
* * * LOW HITPOINT WARNING * * *
Unknown command.
You barely miss the adder. Your bite misses the adder.
The adder is almost dead.
The adder bites you.
Unknown command.
You miss the adder.
The adder is almost dead.
You die...

.#.# #....#..#.### .#
...# #....#..#.#
.#### #....#..#..
....######....#..###
....##......#####
....##.....##..
รท(..##.....###.#
....##.......##S##
....##.....##.##@#
....##.....##...#...#
....##......#########
######...... ##.....
#...... #....


You could see an adder.

Vanquished Creatures
  An ooze (D:1)
  2 worms (D:2)
  5 dart slugs
  A leopard gecko (D:2)
  A ball python (D:1)
  A giant cockroach (D:2)
  3 goblins (D:1)
  4 hobgoblins (D:1)
  3 kobolds
  A bat (D:1)
  A frilled lizard (D:1)
  7 rats
30 creatures vanquished.

Notes
Turn   | Place    | Note
-------+----------+-------------------------------------------
     0 | D:1      | mopl the Vine Stalker Transmuter began the quest for the
                  | Orb.
     0 | D:1      | Reached XP level 1. HP: 9/9 MP: 4/4
   130 | D:1      | Reached XP level 2. HP: 10/14 MP: 4/6
   136 | D:1      | Learned a level 2 spell: Sticks to Snakes
   364 | D:1      | Reached XP level 3. HP: 7/17 MP: 4/7
   369 | D:1      | Learned a level 3 spell: Spider Form
   999 | D:2      | Succumbed to an adder's poison

Illustrated notes

Levels and vault maps discovered:
D:1:      nzn_arrival_depleted_hourglass, layout_basic, serial_bayou_lagoon_a
D:2:      layout_basic, marbit_many_paths

Action                   || total
-------------------------++-------
Melee: Unarmed           ||    83
       Kick              ||     6
       Bite              ||    17
       Punch             ||     1
       Headbutt          ||     3
 Cast: Beastly Appendage ||     9
       Spider Form       ||     1
  Eat: Chunk             ||     1
Armor: Robe              ||     5
Dodge: Dodged            ||    35
